Map: Ever Dream LE

Players

MCanning - Winner!

  • Race: Protoss Protoss
  • Spawn Location: 7:00

Cuddlebear

  • Race: Terran Terran
  • League: Master
  • Spawn Location: 1:00

Event: DreamHack SC2 Masters 2020 Fall

VOD

Have the link to the VOD?

Description

Time

  • Played on: Sept. 2, 2020, 4:06 p.m.
  • Length: 12:00

All games in this series

Show
View Real Time Build Order
Export as new Build Order

MCanning Protoss - Winner!

Build Orders: 1 Gate Expand, Blink Stalkers 

Get SALT Encoding   

  12  0:00  Probe  
  13  0:12  Probe  
  14  0:17  Pylon  
  14  0:24  Probe  
  15  0:36  Probe (Chrono Boost)  
  15  0:37  Gateway  
  16  0:47  Probe (Chrono Boost), Assimilator  
  17  0:52  Probe (Chrono Boost)  
  18  1:03  Probe  
  19  1:13  Unknown  
  19  1:14  Unknown  
  19  1:15  Probe, Unknown  
  20  1:22  Nexus  
  20  1:33  Cybernetics Core  
  20  1:43  Pylon  
  20  1:47  Probe, Assimilator  
  21  1:59  Probe  
  22  2:07  Adept (Chrono Boost)  
  22  2:10  Warp Gate  
  22  2:12  Probe (Chrono Boost)  
  25  2:22  Probe (Chrono Boost)  
  26  2:27  Probe (Chrono Boost)  
  27  2:30  Stalker  
  27  2:36  Probe  
  30  2:38  Probe  
  30  2:46  Twilight Council  
  30  2:48  Probe (Chrono Boost)  
  32  2:51  Probe (Chrono Boost)  
  32  3:00  Probe (Chrono Boost)  
  34  3:08  Probe (Chrono Boost)  
  34  3:09  Probe (Chrono Boost)  
  35  3:14  Probe x2, Stalker  
  35  3:15  Blink (Chrono Boost)  
  39  3:21  Gateway  
  39  3:26  Probe  
  40  3:30  Gateway  
  38  3:34  Shield Battery  
  38  3:36  Probe  
  39  3:45  Probe  
  39  3:46  Robotics Facility  
  39  3:48  Probe  
  41  3:56  Pylon  
  41  3:57  Probe  
  41  4:00  Probe  
  43  4:03  Pylon  
  43  4:06  Sentry  
  46  4:10  Probe  
  46  4:14  Probe  
  47  4:20  Nexus  
  47  4:21  Pylon  
  47  4:22  Probe  
  48  4:26  Probe  
  48  4:28  Stalker  
  51  4:34  Observer  
  51  4:35  Stalker  
  54  4:39  Probe x2, Pylon  
  56  4:45  Stalker  
  56  4:49  Charge (Chrono Boost)  
  56  4:51  Probe x2  
  60  5:02  Gateway  
  60  5:03  Gateway, Observer  
  60  5:05  Probe x2  
  63  5:12  Zealot x3  
  69  5:16  Pylon  
  69  5:32  Stalker  
  69  5:33  Stalker x2  
  70  5:45  Probe  
  68  5:56  Shield Battery  
  68  5:57  Stalker  
  70  6:00  Zealot x3  
  74  6:13  Probe  
  74  6:16  Probe  
  74  6:19  Zealot  
  74  6:20  Probe  
  74  6:24  Warp Prism (Chrono Boost)  
  76  6:25  Probe  
  76  6:28  Probe  
  76  6:32  Probe  
  80  6:37  Probe  
  80  6:38  Pylon  
  81  6:41  Probe  
  81  6:43  Forge  
  81  6:44  Probe, Forge  
  83  6:49  Probe  
  83  6:53  Probe  
  81  6:56  Probe  
  81  6:58  Zealot x4  
  84  7:06  Robotics Bay  
  84  7:08  Gateway  
  84  7:11  Protoss Ground Weapons Level 1 (Chrono Boost)  
  84  7:13  Probe  
  85  7:16  Gateway  
  85  7:17  Gateway  
  85  7:20  Pylon  
  85  7:21  Sentry  
  86  7:24  Pylon, Protoss Ground Armor Level 1 (Chrono Boost)  
  86  7:25  Probe  
  86  7:27  Probe, Zealot x2  
  86  7:28  Assimilator  
  92  7:30  Assimilator  
  92  7:32  Zealot x2  
  92  7:36  Probe  
  92  7:37  Shield Battery  
  97  7:41  Probe x2  
  99  7:48  Probe, Zealot x2  
  99  7:49  Zealot  
  104  7:52  Pylon  
  104  7:59  Sentry  
  104  8:01  Zealot  
  108  8:09  Disruptor (Chrono Boost)  
  105  8:12  Zealot x2  
  105  8:13  Zealot x4  
  115  8:22  Probe  
  115  8:25  Assimilator  
  109  8:28  Zealot x2  
  109  8:30  Assimilator  
  109  8:33  Zealot  
  109  8:34  Zealot x3  
  99  8:38  Probe  
  102  8:42  Colossus (Chrono Boost)  
  108  8:53  Extended Thermal Lance (Chrono Boost)  
  108  8:54  Photon Cannon  
  104  9:01  Photon Cannon  
  102  9:03  Shield Battery  
  102  9:04  Zealot  
  104  9:13  Zealot  
  106  9:18  Sentry  
  106  9:20  Colossus (Chrono Boost)  
  106  9:21  Stalker  
  106  9:22  Stalker  
  106  9:24  Zealot  
  120  9:26  Zealot  
  122  9:32  Zealot  
  122  9:33  Zealot  
  120  9:40  Probe  
  120  9:42  Stalker x2  
  125  9:45  Pylon  
  125  9:47  Pylon  
  125  9:53  Dark Shrine  
  119  10:02  Zealot x4  
  119  10:05  Probe  
  128  10:07  Pylon  
  128  10:13  Disruptor (Chrono Boost)  
  128  10:14  Probe  
  119  10:17  Stalker  
  119  10:18  Stalker  
  126  10:33  Stalker x3  
  130  10:41  Stalker x2  
  134  10:45  Stalker  
  134  10:49  Disruptor (Chrono Boost)  
  136  10:50  Pylon  
  136  10:56  Zealot  
  141  11:01  Nexus  
  141  11:03  Probe  
  142  11:07  Dark Templar  
  144  11:15  Dark Templar  
  144  11:17  Stalker x2  
  148  11:20  Disruptor  
  147  11:28  Stalker x3  
  149  11:36  Stalker  
  149  11:38  Probe  
  147  11:43  Zealot x3  
Show
View Real Time Build Order
Export as new Build Order

Cuddlebear Terran 

Build Orders: Liberator Opening, Reaper Expand 

Get SALT Encoding   

  12  0:00  SCV  
  13  0:12  SCV  
  14  0:17  Supply Depot  
  14  0:24  SCV  
  15  0:39  SCV  
  15  0:42  Barracks  
  16  0:43  Refinery  
  16  0:51  SCV  
  17  1:03  SCV  
  18  1:15  SCV  
  19  1:29  Orbital Command  
  19  1:30  Reaper  
  20  1:40  Command Center  
  20  1:49  Supply Depot  
  20  1:55  SCV  
  21  2:02  Marine  
  21  2:05  Factory  
  22  2:08  SCV  
  22  2:12  Refinery  
  23  2:20  SCV  
  23  2:21  Barracks Reactor  
  24  2:33  SCV  
  25  2:45  SCV  
  25  2:51  Hellion  
  28  2:55  Starport  
  28  2:57  SCV, Orbital Command  
  28  2:58  Marine x2  
  30  3:09  SCV  
  33  3:15  Widow Mine  
  33  3:16  Marine x2  
  33  3:18  Supply Depot  
  35  3:21  SCV  
  35  3:23  SCV  
  37  3:33  SCV  
  37  3:34  Marine x2  
  39  3:35  SCV, Medivac  
  39  3:39  Widow Mine  
  45  3:45  SCV  
  45  3:47  SCV  
  45  3:48  Supply Depot  
  47  3:51  Marine  
  47  3:52  Marine  
  49  3:57  SCV  
  49  3:58  Supply Depot  
  49  3:59  SCV  
  49  4:02  Factory Tech Lab  
  51  4:08  Liberator  
  51  4:09  SCV  
  55  4:11  SCV, Marine x2  
  58  4:21  Siege Tank  
  58  4:23  SCV  
  62  4:25  SCV, Barracks  
  62  4:30  Marine x2  
  65  4:31  Supply Depot  
  65  4:37  Barracks  
  65  4:44  SCV, Supply Depot  
  67  4:45  SCV  
  67  4:49  Marine x2  
  69  4:53  Siege Tank  
  69  4:56  Starport Tech Lab  
  69  4:59  SCV  
  73  5:02  SCV  
  74  5:07  Marine x2  
  74  5:11  SCV  
  74  5:14  SCV, Refinery  
  78  5:16  Engineering Bay  
  79  5:23  SCV  
  79  5:25  Marine  
  78  5:30  SCV  
  78  5:32  Marine  
  78  5:33  Starport Reactor  
  78  5:35  Factory Reactor  
  80  5:39  Marine x2  
  80  5:41  Combat Shield, Stimpack  
  80  5:42  SCV  
  80  5:43  Marine  
  80  5:48  Supply Depot  
  80  5:49  Marine  
  77  5:50  Bunker  
  77  5:51  SCV, Bunker  
  77  5:56  Marine  
  77  5:57  Marine  
  75  5:59  SCV  
  75  6:00  Terran Infantry Weapons Level 1, Marine  
  75  6:03  Refinery  
  77  6:05  Supply Depot  
  77  6:07  SCV, Marine  
  77  6:10  Medivac  
  75  6:14  Marine x2  
  70  6:18  Marine  
  70  6:23  SCV  
  70  6:24  SCV  
  70  6:25  Marine  
  67  6:26  Bunker  
  67  6:27  Widow Mine x2  
  67  6:28  Medivac  
  67  6:32  Marine x2  
  72  6:35  SCV  
  72  6:36  Marine  
  72  6:37  Bunker  
  75  6:40  Medivac  
  75  6:43  Marine  
  78  6:49  Widow Mine x2  
  78  6:50  Marine  
  77  6:57  Marine  
  77  7:00  Medivac, Marauder  
  77  7:01  Marine  
  76  7:02  SCV x2  
  78  7:09  Concussive Shells  
  78  7:13  Bunker  
  78  7:14  SCV  
  80  7:17  Marine  
  80  7:18  Medivac, Marauder, Widow Mine x2  
  88  7:23  Marine  
  88  7:25  Command Center  
  88  7:27  Barracks  
  88  7:29  Barracks  
  89  7:33  Medivac, Marauder  
  89  7:35  Marine  
  94  7:39  Marauder  
  94  7:43  Marine  
  97  7:45  Widow Mine  
  97  7:46  Widow Mine  
  101  7:53  Marine  
  102  8:00  Marine x2  
  102  8:02  Missile Turret  
  102  8:06  Marauder  
  102  8:08  Widow Mine  
  102  8:10  Widow Mine  
  102  8:11  Marine  
  96  8:14  SCV  
  96  8:15  SCV  
  96  8:18  Marauder  
  97  8:21  Marine  
  96  8:27  Marauder  
  96  8:30  Marine  
  96  8:33  Widow Mine  
  98  8:39  Medivac, Marauder, Widow Mine  
  98  8:40  SCV x2  
  100  8:43  Marine  
  100  8:48  Barracks Tech Lab  
  96  8:49  Barracks Reactor  
  96  8:52  SCV x2  
  97  8:57  Marine  
  97  8:58  Marauder  
  100  9:04  SCV, Orbital Command  
  100  9:06  Terran Infantry Armor Level 1  
  100  9:08  SCV  
  102  9:12  Marine  
  102  9:13  Marauder  
  105  9:18  Liberator  
  108  9:26  Liberator  
  108  9:28  Marine  
  108  9:29  Marauder  
  114  9:32  Marine  
  114  9:33  Marauder  
  115  9:41  Marine  
  115  9:42  Marauder  
  115  9:43  SCV  
  115  9:44  SCV  
  114  9:47  Marine  
  114  9:50  Marauder  
  117  9:57  Orbital Command  
  117  10:07  Marine  
  117  10:08  Supply Depot  
  117  10:09  Viking  
  117  10:11  Viking  
  117  10:12  Marauder  
  117  10:22  Starport  
  117  10:23  Missile Turret  
  117  10:24  Missile Turret  
  116  10:29  Marine  
  117  10:42  Supply Depot x2  
  117  10:43  SCV x3, Marauder, Marine  
  117  10:49  Marauder, Marine  
  126  10:54  Viking  
  128  11:00  SCV  
  128  11:01  SCV, Armory  
  130  11:04  Marauder  
  130  11:08  Viking  
  132  11:15  Marauder, Marine  
  120  11:28  Marine  
  120  11:29  Marauder, Marine  
  120  11:30  SCV, Marauder  
  120  11:31  SCV x2  
  120  11:32  Marine  
  124  11:33  Marine  
  124  11:37  Marauder  
  123  11:42  SCV  

Tags
 
Add a new tag
Caveats
  • Supply blocks, unpowered buildings, or Contaminate may cause inaccurate times.
  • Supply counts are checked every 10 seconds.